 Dungeon Crawl Stone Soup version 0.27-a0-1147-gb3d8e82157 (webtiles) character file.

Game seed: 11277706516035756265

96 dickylongcocking the Magician (level 4, -1/32 HPs)
             Began as a Djinni Fire Elementalist on May 11, 2021.
             Slain by an orc warrior
             ... wielding a +0 long sword
              (20 damage)
             ... on level 3 of the Dungeon.
             The game lasted 00:02:28 (3354 turns).

dickylongcocking the Magician (DjFE)                Turns: 3354, Time: 00:02:29

Health: -1/32      AC:  2    Str:  6 (7)  XL:     4   Next: 67%
Gold:   80         EV: 12    Int: 17 (18) God:
                   SH:  0    Dex: 11 (13)

rFire    + + .     SeeInvis .   q - +1 hand axe (drain)
rCold    x . .     Faith    .   (no shield)
rNeg     . . .     Spirit   .   a - +0 robe
rPois    ∞         Reflect  .   (no helmet)
rElec    .         Harm     .   (no cloak)
rCorr    .         Rampage  .   (no gloves)
Will     .....                  (boots unavailable)
Stlth    ++........             c - amulet of the acrobat
HPRegen  0.10/turn              (no ring)
MPRegen  0.00/turn              (no ring)

@: mighty, flying, very slightly contaminated
A: sickness immunity, fire resistance 2, cold vulnerability 1, float, innate
caster, hp casting, extra vitality 1
a: no special abilities


You were on level 3 of the Dungeon.
You visited 1 branch of the dungeon, and saw 3 of its levels.

You collected 80 gold pieces.

Inventory:

Hand Weapons
 b - a +0 hand axe
 f - a +0 spear
 i - a +0 short sword
 n - a +0 short sword
 q - a +1 hand axe of draining (weapon)
Armour
 a - a +0 robe (worn)
 l - a +0 kite shield
Jewellery
 c - an amulet of the acrobat (around neck)
Scrolls
 d - 3 scrolls of identify {unknown}
 e - 3 scrolls of enchant weapon {unknown}
 g - a scroll of torment {unknown}
 h - 2 scrolls of teleportation {unknown}
 m - a scroll of acquirement {unknown}
 o - a scroll of silence {unknown}
 p - a scroll of amnesia {unknown}
Potions
 k - 2 potions of degeneration


   Skills:
 + Level 1.5 Fighting
 - Level 2.3 Dodging
 - Level 2.0 Stealth
 * Level 4.0 Spellcasting


You couldn't memorise any spells.
You knew the following spells:

 Your Spells              Type           Power      Damage    Failure   Level
a - Foxfire               Conj/Fire      68%        2x1d7     3%          1
b - Conjure Flame         Conj/Fire      17%        6-21      9%          3
c - Inner Flame           Hex/Fire       17%        N/A       9%          3
d - Sticky Flame          Conj/Fire      17%        2d4       30%         4
e - Fireball              Conj/Fire      8%         3d6       63%         5
f - Pain                  Necr           68%        1d7       3%          1
Your spell library was empty.

Dungeon Overview and Level Annotations

Branches:
Dungeon (3/15)

Altars:
Sif Muna


Innate Abilities, Weirdness & Mutations

You are immune to sickness and miasma.
You are immune to poison.
Your flesh is very heat resistant. (rF++)
You are vulnerable to cold. (rC-)
You float through the air rather than walking.
You learn spells naturally, not from books.
Your magical power is your life essence.
You have superior vitality. (+4 HP)


Message History

Confirm with . or Enter, or press ? or * to list all spells.
Okay, then.
Casting: Foxfire (safe; 3% risk of failure)
Confirm with . or Enter, or press ? or * to list all spells.
Okay, then.
You aren't carrying any items that you can evoke without wielding.
Unknown command.
Unknown command.
Casting: Foxfire (safe; 3% risk of failure)
Confirm with . or Enter, or press ? or * to list all spells.
You conjure some foxfire!
Unknown command.
Unknown command.
Casting: Foxfire (safe; 3% risk of failure)
Confirm with . or Enter, or press ? or * to list all spells.
The spell is extremely dangerous to cast (30% risk of failure)!
Continue anyway?
Aiming: Sticky Flame (extremely dangerous; 30% risk of failure)
Press: ? - help, Shift-Dir - straight line, f - orc warrior
Aim: an orc warrior, wielding a +0 long sword, wearing a +0 chain mail and quivering poisoned darts (ally target, 100% to hit)
You miscast Sticky Flame.
You are very lightly contaminated with residual magic.
Sparks fly from your hands. You resist.
The foxfire hits the orc warrior.
The orc warrior is lightly wounded.
The foxfire hits the orc warrior but does no damage.
The orc warrior is lightly wounded.
The orc warrior closely misses you.
Unknown command.
Casting: Sticky Flame (extremely dangerous; 30% risk of failure)
Confirm with . or Enter, or press ? or * to list all spells.
The spell is extremely dangerous to cast (30% risk of failure)!
Continue anyway?
Aiming: Sticky Flame (extremely dangerous; 30% risk of failure)
Press: ? - help, Shift-Dir - straight line, f/p - orc warrior
Aim: an orc warrior, wielding a +0 long sword, wearing a +0 chain mail and quivering poisoned darts (lightly wounded, 100% to hit)
The sticky flame hits the orc warrior!
The orc warrior is moderately wounded.
The orc warrior is covered in liquid flames!
The orc warrior burns!
The orc warrior hits you with a +0 long sword!!
Ouch! That really hurt!
You die...

....#.# ..## .# #....#
#..####.# #.).##
.).#...# ( #....#
#o...###.# ##....###
##...#....# .##..##...##
#......# .....####>.#
####.#...##### .###.#
##.# ###o...#.#...... §
##.#
#.####§@o####.......#
.##..#
#.....§.......#####..
..#.##########..###.#.##
. ..#.##.........##
#.#.## .......#########
##.#..## #.....##
#..##..# #.....#
##.####.# ..#####
#####..# #.# #### ..#
###.....## #.### #...


You could see an orc warrior (burning) and an orc.

Vanquished Creatures
  A gnoll (D:1)
  4 adders (D:2)
  An orc (D:3)
  4 endoplasms
  4 giant cockroaches
  3 goblins
  8 hobgoblins
  6 kobolds
  3 quokkas
  3 ball pythons
  3 bats
  3 frilled lizards (D:2)
  5 rats
48 creatures vanquished.

Vanquished Creatures (others)
  230 foxfires
230 creatures vanquished.

Grand Total: 278 creatures vanquished

Notes
Turn   | Place    | Note
-------+----------+-------------------------------------------
     0 | D:1      | dickylongcocking the Djinni Fire Elementalist began the
                  | quest for the Orb.
     0 | D:1      | Reached XP level 1. HP: 15/15 MP: 0/0
   250 | D:1      | Reached skill level 3 in Spellcasting
   250 | D:1      | Reached XP level 2. HP: 14/21 MP: 0/0
   792 | D:1      | Reached XP level 3. HP: 19/25 MP: 0/0
   792 | D:1      | Learned a level 1 spell: Pain
  1632 | D:2      | Found a faded altar of an unknown god.
  2150 | D:2      | Reached skill level 1 in Fighting
  2293 | D:2      | Reached XP level 4. HP: 30/32 MP: 0/0
  2973 | D:3      | Noticed an orc warrior
  3346 | D:3      | Reached skill level 4 in Spellcasting
  3354 | D:3      | Slain by an orc warrior

Illustrated notes

Levels and vault maps discovered:
D:1:      dpeg_arrival_arbitrary_a, layout_basic
D:2:      layout_loops_ring, serial_co_window_serial, co_window_paths_b,
          co_window_paths_b, co_window_paths_a, co_window_paths_b,
          co_window_paths_b, co_window_broadway_c, co_window_2corner,
          co_window_corner_b, co_window_cross_4, co_window_of_opportunity_b,
          glass_columns_c, hellmonk_ecumenical_altar_prayer_group,
          minmay_distorted
D:3:      layout_rooms, overflow_temple_1_default,
          nicolae_sif_muna_condensation, guppyfry_early_orc_mine

Skill      XL: |  1  2  3  4 |
---------------+-------------+-----
Spellcasting   | 3 4 |  4.0
Stealth        | 2 |  2.0
Fighting       | 1 |  1.5
Dodging        | |  2.3

Action                   |  1- 3 |  4- 6 || total
-------------------------+-------+-------++-------
Melee: Hand axe          |     4 |       ||     4
       Short sword       |     2 |     7 ||     9
 Cast: Foxfire           |   107 |    45 ||   152
       Sticky Flame      |       |     1 ||     1
       Inner Flame       |       |     1 ||     1
  Use: Potion            |       |     3 ||     3
 Stab: Distracted        |     1 |       ||     1
Armor: Robe              |     2 |     4 ||     6
Dodge: Dodged            |    14 |    15 ||    29

Table legend: (Time is in decaauts)
 A = Elapsed time spent in this place.
 B = Non-inter-level travel time spent in this place.
 C = Inter-level travel time spent in this place.
 D = Time resting spent in this place.
 E = Time spent auto-exploring this place.
 F = Levels seen in this place.
 G = Mean time per level.
                   A        B        C        D        E       F      G
               +--------+--------+--------+--------+--------+-----+--------+
         Total |   3354 |   3307 |     47 |     36 |   2873 |   3 | 1118.0 |
       Dungeon |   3354 |   3307 |     47 |     36 |   2873 |   3 | 1118.0 |
               +--------+--------+--------+--------+--------+-----+--------+

Top non-repeatable levels by time:
     D:2: 1749 daAuts
     D:1: 1260 daAuts
     D:3: 343 daAuts
